 Dungeon Crawl Stone Soup version 0.22-a0-402-ga933591907 (webtiles) character file.

4 Chiseanne the Magician (level 1, 0/13 HPs)
             Began as a Mummy Earth Elementalist on May 7, 2018.
             Slain by a goblin
             ... wielding a +0 club
              (6 damage)
             ... on level 1 of the Dungeon.
             The game lasted 00:01:04 (189 turns).

Chiseanne the Magician (Mummy Earth Elementalist)    Turns: 189, Time: 00:01:05

Health: 0/13       AC:  2    Str: 11    XL:     1   Next: 50%
Magic:  8/13       EV: 12    Int: 14    God:
Gold:   0          SH:  0    Dex: 12    Spells: 4/5 levels left

rFire    x . .     SeeInvis .   a - +0 dagger
rCold    + . .     Gourm    .   (no shield)
rNeg     + + +     Faith    .   c - +0 robe
rPois    ∞         Spirit   .   (no helmet)
rElec    .         Reflect  .   (no cloak)
rCorr    .         Harm     .   (no gloves)
MR       .....                  (no boots)
Stlth    ++........             (no amulet)
HPRegen  0.04/turn              e - ring of magical power
MPRegen  0.13/turn              (no ring)

@: no status effects
A: no food or potions, fire vulnerability, cold resistance 1, negative energy
resistance 3, torment resistance, unbreathing
a: no special abilities


You were on level 1 of the Dungeon.
You were not hungry.

You visited 1 branch of the dungeon, and saw 1 of its levels.

Inventory:

Hand Weapons
 a - a +0 dagger (weapon)
Missiles
 b - 25 stones (quivered)
 d - 24 sling bullets
 g - 15 arrows
Armour
 c - a +0 robe (worn)
Jewellery
 e - a ring of magical power (left hand)
Scrolls
 f - a scroll of identify {unknown}
 h - a scroll of amnesia {unknown}


   Skills:
 * Level 0.2 Fighting
 * Level 1.6 Dodging
 - Level 1.5 Stealth
 * Level 2.8 Spellcasting
   Level 0.7 Transmutations
 * Level 2.5 Earth Magic


You had 4 spell levels left.
You knew the following spells:

 Your Spells              Type           Power        Failure   Level  Hunger
a - Sandblast             Erth           #.....       8%          1    N/A

Dungeon Overview and Level Annotations

Branches:
Dungeon (1/15)

Altars:


Innate Abilities, Weirdness & Mutations

You do not eat or drink.
Your flesh is vulnerable to fire.
You are immune to poison.
Your flesh is cold resistant. (rC+)
You are immune to negative energy. (rN+++)
You are immune to unholy pain and torment.
You can survive without breathing.


Message History

The blast of sand hits the goblin.
The goblin is severely wounded.
b - 27 stones
Casting: Sandblast (safe; 8% risk of failure)
Confirm with . or Enter, or press ? or * to list all spells.
Aiming: Sandblast (safe; 8% risk of failure)
Press: ? - help, Shift-Dir - straight line, f/p - goblin
Aim: a goblin, wielding a club (severely wounded)
The blast of sand misses the goblin.
b - 26 stones The goblin hits you with a club.
Casting: Sandblast (safe; 8% risk of failure)
Confirm with . or Enter, or press ? or * to list all spells.
Aiming: Sandblast (safe; 8% risk of failure)
Press: ? - help, Shift-Dir - straight line, f/p - goblin
Aim: a goblin, wielding a club (severely wounded)
The blast of sand misses the goblin.
b - 25 stones The goblin hits you with a club.
You die...

##.#....##†#
#######.#....##.#
##.......#....##.#
#......#.#....##'####
#......#.#....#......
#......#.....!'......
#......##.....#......
####'####...###...###
#@##.............#
#######g##.............#
#.[.g...#...###...###...
..........##...#......<#...
...)......##...#.......#...
....).....# #.............#
..........# #......#......#
####+#....# #.............#
.....+ ..#.......#...


You could see a goblin.

Vanquished Creatures
  A goblin (D:1)
  A bat (D:1)
  3 rats (D:1)
5 creatures vanquished.

Notes
Turn   | Place    | Note
-------+----------+-------------------------------------------
     0 | D:1      | Chiseanne the Mummy Earth Elementalist began the quest for the Orb.
     0 | D:1      | Reached XP level 1. HP: 13/13 MP: 4/4
   189 | D:1      | Slain by a goblin

Vault maps used:
D:1:      minmay_arrival_open_corners

Action                   || total
-------------------------++-------
Melee: Dagger            ||    14
 Cast: Sandblast         ||     5
Armor: Robe              ||     6
Dodge: Dodged            ||     5

Table legend:
 A = Spawn XP
 B = Non-spawn XP
 C = Spawn XP percentage of total XP
 D = Spawn monster count
 E = Non-spawn monster count
 F = Spawn count percentage of total count
 G = Total turns spent on level
                    A         B        C        D         E        F      G
               +---------+---------+-------+---------+---------+-------+---------
         Total |       0 |       6 |   0.0 |       0 |       5 |   0.0 |   189
               +---------+---------+-------+---------+---------+-------+---------
           D:1 |       0 |       6 |   0.0 |       0 |       5 |   0.0 |   189
               +---------+---------+-------+---------+---------+-------+---------
